Map: Zen LE

Players

Nigrnog

  • Race: Terran Terran
  • League: Silver
  • Spawn Location: 7:00

MooEsqoo - Winner!

  • Race: Zerg Zerg
  • Spawn Location: 1:00

VOD

Have the link to the VOD?

Description

Time

  • Played on: Dec. 18, 2019, 9:24 a.m.
  • Length: 11:32
Show
View Real Time Build Order
Export as new Build Order

Nigrnog Terran 

Build Orders:  

Get SALT Encoding   

  12  0:02  SCV  
  13  0:14  SCV  
  14  0:18  Supply Depot  
  14  0:26  SCV  
  15  0:40  SCV  
  16  0:49  Barracks  
  16  0:52  SCV  
  18  1:04  SCV  
  18  1:07  Barracks  
  18  1:16  SCV  
  19  1:28  SCV  
  20  1:33  Barracks  
  20  1:38  Supply Depot  
  20  1:40  SCV  
  21  1:48  Refinery  
  21  1:51  Marine  
  21  1:52  SCV  
  23  2:04  SCV  
  23  2:06  Supply Depot  
  23  2:08  Marine  
  25  2:09  Marine  
  26  2:19  Barracks  
  26  2:26  Marine  
  26  2:27  Marine  
  26  2:28  SCV  
  29  2:33  Marine  
  30  2:43  Marine  
  31  2:45  Marine  
  31  2:51  Marine  
  33  2:59  SCV, Supply Depot  
  33  3:01  Marine  
  33  3:02  Marine  
  36  3:09  Factory, Marine  
  36  3:12  SCV  
  38  3:19  Marine  
  39  3:20  Barracks Reactor  
  39  3:21  Marine  
  39  3:26  SCV, Marine  
  42  3:37  Marine  
  42  3:38  Supply Depot  
  42  3:39  Marine  
  44  3:43  Orbital Command  
  44  3:45  Marine  
  45  3:56  Marine  
  45  3:58  Marine  
  45  4:00  Supply Depot, Marine  
  48  4:04  Marine  
  49  4:10  Supply Depot  
  49  4:13  Factory Reactor  
  49  4:23  Marine  
  49  4:24  Marine x3  
  51  4:27  Marine  
  54  4:34  Supply Depot  
  54  4:41  Marine  
  54  4:42  Marine  
  54  4:45  Marine  
  57  4:53  Starport  
  57  4:55  Marine x2  
  57  4:59  Marine  
  60  5:03  Marine  
  60  5:06  Barracks Tech Lab  
  61  5:09  SCV  
  61  5:11  Supply Depot  
  62  5:15  Supply Depot  
  62  5:21  SCV, Hellion, Marine  
  65  5:24  Hellion  
  68  5:33  SCV, Marine x3  
  72  5:37  Marine  
  72  5:39  Marine  
  74  5:46  Medivac  
  74  5:49  SCV  
  77  5:50  Marine  
  77  5:51  Marine  
  77  5:55  Supply Depot  
  79  6:01  SCV, Hellion  
  84  6:04  Hellion  
  84  6:09  Supply Depot  
  84  6:17  Marine  
  85  6:18  Marine  
  85  6:21  Marine  
  87  6:29  Medivac  
  89  6:34  Marine  
  89  6:36  Marine  
  91  6:47  SCV  
  91  6:50  Supply Depot  
  91  6:51  Supply Depot  
  91  6:52  Marine  
  93  6:59  SCV  
  94  7:10  Combat Shield  
  94  7:15  SCV  
  95  7:27  SCV  
  59  7:52  SCV  
  59  7:55  Marine x4  
  59  7:56  Marine  
  65  8:04  SCV  
  64  8:13  Marine x5  
  64  8:16  SCV  
  51  8:28  SCV  
  51  8:31  Marine x5  
  57  8:40  SCV  
  58  8:45  Hellion  
  60  8:49  Marine x3  
  60  8:52  SCV  
  64  9:07  Marine  
  64  9:08  Command Center  
  65  9:20  Refinery  
  65  9:24  Marine  
  48  9:42  Marine  
  49  9:57  Command Center  
  49  10:26  Refinery  
  49  10:28  Refinery  
  49  10:31  Starport  
  48  10:38  Marine x5  
  53  11:02  Supply Depot  
  53  11:10  SCV  
  54  11:11  Barracks Reactor  
Show
View Real Time Build Order
Export as new Build Order

MooEsqoo Zerg - Winner!

Build Orders: Hatch First 

Get SALT Encoding   

  12  0:04  Drone  
  13  0:13  Overlord  
  13  0:17  Drone  
  14  0:31  Drone x2  
  16  0:40  Drone  
  17  0:49  Drone  
  18  0:59  Hatchery  
  18  1:03  Drone  
  18  1:08  Extractor  
  18  1:10  Drone  
  18  1:23  Spawning Pool  
  18  1:24  Drone  
  18  1:35  Drone  
  19  1:46  Drone  
  20  1:52  Overlord  
  20  2:06  Drone  
  21  2:10  Queen x2  
  21  2:13  Zergling x2  
  21  2:15  Zergling x2  
  27  2:25  Drone  
  27  2:26  Drone  
  29  2:32  Metabolic Boost  
  29  2:39  Drone x2  
  31  2:49  Hatchery  
  30  2:56  Zergling x4  
  30  2:57  Drone  
  33  3:14  Zergling x6  
  36  3:38  Lair, Roach Warren  
  36  3:41  Zergling x2  
  36  3:42  Overlord, Baneling Nest  
  36  3:44  Overlord x2  
  35  3:49  Zergling x2  
  36  4:00  Queen  
  38  4:16  Zergling x2  
  40  4:17  Zergling x4  
  40  4:18  Zergling x2  
  40  4:21  Zergling x2  
  40  4:22  Zergling x2  
  40  4:23  Zergling x4  
  46  4:50  Roach x3  
  46  4:51  Roach x3  
  46  4:52  Roach x2  
  62  5:00  Baneling x4  
  62  5:08  Extractor  
  61  5:22  Queen  
  61  5:24  Queen  
  65  5:30  Zergling x2  
  65  5:33  Overlord x3  
  66  6:01  Roach x4  
  66  6:02  Roach x2  
  78  6:43  Extractor x2  
  78  6:44  Drone x2  
  78  6:45  Drone x4  
  78  6:46  Drone  
  83  7:04  Centrifical Hooks  
  83  7:11  Roach  
  83  7:13  Ravager  
  86  7:17  Zergling x4  
  86  7:18  Zergling x4  
  47  7:39  Zergling x6  
  47  7:40  Zergling x8  
  45  7:49  Zergling x2  
  46  7:58  Roach x3  
  52  8:05  Baneling x3  
  49  8:07  Baneling  
  49  8:15  Baneling  
  44  8:39  Roach x3  
  44  8:40  Zergling x4, Hatchery  
  44  8:41  Zergling x4  
  53  8:43  Baneling x6  
  53  8:44  Baneling x3  
  53  8:48  Drone  
  54  8:55  Queen  
  56  8:58  Queen  
  56  9:01  Zergling x4  
  60  9:03  Overlord  
  60  9:05  Overlord  
  60  9:30  Queen  
  58  9:59  Queen  
  60  10:00  Queen  
  60  10:02  Hatchery  
  61  10:21  Ravager  
  61  10:22  Ravager x6  
  61  10:25  Zergling x2  
  61  10:26  Zergling x14  
  61  10:27  Zergling x4  
  78  10:54  Baneling  
  78  10:55  Baneling  
  78  10:57  Baneling  
  78  10:58  Baneling  
  78  11:01  Drone  
  78  11:02  Drone x2  
  81  11:07  Overlord x3  
Tags
 
League
Silver
Matchup
TvZ
Spawn Locations
Cross Positions
Add a new tag
Caveats
  • Supply blocks, unpowered buildings, or Contaminate may cause inaccurate times.
  • Supply counts are checked every 10 seconds.